 Dungeon Crawl Stone Soup version 0.23.0-33-g5e6c059fef (webtiles) character file.

Game seed: 7661767795353910665

67 Danqa the Grave Robber (level 4, -10/24 HPs)
             Began as a Deep Elf Necromancer on Feb 27, 2019.
             Mangled by an ogre
             ... wielding a +0 giant spiked club
              (27 damage)
             ... on level 2 of the Dungeon.
             The game lasted 00:06:57 (2597 turns).

Danqa the Grave Robber (Deep Elf Necromancer)       Turns: 2597, Time: 00:06:58

Health: -10/24     AC:  3    Str:  5    XL:     4   Next: 0%
Magic:  10/11      EV: 13    Int: 21    God:
Gold:   89         SH:  0    Dex: 15    Spells: 2/10 levels left

rFire    . . .     SeeInvis .   g - +0 short sword
rCold    . . .     Gourm    .   (no shield)
rNeg     . . .     Faith    .   a - +1 robe
rPois    .         Spirit   .   (no helmet)
rElec    .         Reflect  .   (no cloak)
rCorr    .         Harm     .   (no gloves)
MR       .....                  (no boots)
Stlth    +.........             (no amulet)
HPRegen  0.08/turn              h - ring of attention (curse)
MPRegen  0.12/turn              (no ring)

@: no status effects
A: no striking features
a: no special abilities


You were on level 2 of the Dungeon.
You were very hungry.

You visited 1 branch of the dungeon, and saw 2 of its levels.

You collected 89 gold pieces.

Inventory:

Hand Weapons
 b - a +0 dagger
 g - a +0 short sword (weapon)
Armour
 a - a +1 robe (worn)
Jewellery
 h - a cursed ring of attention (left hand)
Scrolls
 d - a scroll of identify {unknown}
 i - a scroll of fear {unknown}
 j - 2 scrolls of teleportation {unknown}
 k - a scroll of remove curse {unknown}
Potions
 e - a potion of haste {unknown}
 f - a potion of curing {unknown}
 l - 2 potions of lignification {unknown}
 m - a potion of agility {unknown}
Comestibles
 c - 3 rations


   Skills:
 + Level 0.3 Fighting
 + Level 0.8 Short Blades
 + Level 2.9 Dodging
 + Level 2.8 Stealth
 + Level 3.7 Spellcasting
 + Level 5.7 Necromancy


You had 2 spell levels left.
You knew the following spells:

 Your Spells              Type           Power        Failure   Level  Hunger
a - Pain                  Necr           ####         1%          1    None
b - Animate Skeleton      Necr           N/A          1%          1    None
c - Vampiric Draining     Necr           ####......   3%          3    ###....
d - Regeneration          Chrm/Necr      ###.......   11%         3    ###....

Your spell library contained the following spells:

 Spells                   Type           Power        Failure   Level  Hunger
 Animate Dead             Necr           N/A          12%         4    ####...


Dungeon Overview and Level Annotations

Branches:
Dungeon (2/15)

Altars:
Qazlal


Message History

Your skin is crawling a little less now.
There is a stone staircase leading up here.
Casting: Vampiric Draining (safe; 3% risk of failure)
Confirm with . or Enter, or press ? or * to list all spells.
Aiming: Pain (safe; 1% risk of failure)
Press: ? - help, Shift-Dir - straight line, f/p - ogre
Aim: an ogre, wielding a +0 giant spiked club (lightly wounded, chance to defeat MR: 84%)
The ogre writhes in agony!
Your skin stops crawling.
Things that are here:
a +0 short sword; a kobold corpse
There is a stone staircase leading up here.
Things that are here:
a +0 short sword; a kobold corpse
There is a stone staircase leading up here.
Things that are here:
a +0 short sword; a kobold corpse The ogre hits you with a +0 giant spiked club!!
Ouch! That really hurt!
You die...

..#####.#.###### #.#
..# #.#....... ...
..# #......# #.# ..#
#.####.# #.# # #
..#####.# #.# .#.##
#.......#
#.######..... ..
^....#######
#####..........# .
...........#
..#.O......#######.
#.########.#
#.#@######.........
#.# #.# #.#.##
##.#####.# #)# #.#
#.#..######.#####.#
#.# #.#
#.##......<.....#.#
..# #.#
#...........#.....#
..# #.#
####..####..#.###.##
..# #.#
#............# #...
..# #.#
#.#..#######.###.##
.## #.# #.#..#
#..(..##


You could see an ogre.

Vanquished Creatures
  A hound skeleton (D:2)
  An adder (D:2)
  2 oozes
  2 adder zombies (D:2)
  2 dart slugs (D:1)
  A leopard gecko (D:1)
  A giant cockroach (D:2)
  4 goblins
  A hobgoblin (D:2)
  2 bats
  A giant cockroach zombie (D:2)
  A jackal zombie (D:2)
  9 kobolds
  5 rats
33 creatures vanquished.

Notes
Turn   | Place    | Note
-------+----------+-------------------------------------------
     0 | D:1      | Danqa the Deep Elf Necromancer began the quest for the Orb.
     0 | D:1      | Reached XP level 1. HP: 10/10 MP: 6/6
   424 | D:1      | Reached skill level 5 in Necromancy
   582 | D:1      | Reached XP level 2. HP: 9/15 MP: 5/8
   585 | D:1      | Learned a level 1 spell: Animate Skeleton
  1518 | D:2      | Reached XP level 3. HP: 12/19 MP: 10/10
  1638 | D:2      | Learned a level 3 spell: Vampiric Draining
  1642 | D:2      | Learned a level 3 spell: Regeneration
  1670 | D:2      | Found a stormy altar of Qazlal.
  2318 | D:2      | Noticed an ogre
  2322 | D:2      | HP: 1/20 [ogre/+0 giant spiked club (19)]
  2541 | D:2      | Reached XP level 4. HP: 21/24 MP: 7/11
  2597 | D:2      | Mangled by an ogre

Skill      XL: |  1 |
---------------+----+-----
Necromancy     | 5 |  5.7
Fighting       | |  0.3
Short Blades   | |  0.8
Dodging        | |  2.9
Stealth        | |  2.8
Spellcasting   | |  3.7

Action                   |  1- 3 |  4- 6 || total
-------------------------+-------+-------++-------
Melee: Dagger            |     8 |       ||     8
       Short sword       |    96 |       ||    96
 Cast: Pain              |    37 |     1 ||    38
       Animate Skeleton  |     1 |       ||     1
       Regeneration      |     5 |       ||     5
       Vampiric Draining |       |     1 ||     1
  Use: Scroll            |     1 |       ||     1
  Eat: Chunk             |     1 |       ||     1
       Ration            |     1 |       ||     1
Armor: Robe              |    22 |       ||    22
Dodge: Dodged            |    75 |       ||    75
